 Dungeon Crawl Stone Soup version 0.31-a0-940-gdaa99269f9 (console) character file.

Game seed: 5144573235107886893

30744 petzl the Thaumaturge (level 13, -9/76 (93) HPs)
             Began as a Formicid Delver on Oct 20, 2023.
             Was an Elder of Vehumet.
             Shot with an arrow by a centaur warrior (20 damage)
             ... on level 12 of the Dungeon on Oct 21, 2023.
             The game lasted 01:37:42 (13888 turns).

petzl the Thaumaturge (Formicid Delver)            Turns: 13888, Time: 01:37:43

HP:   -9/76 (93)    AC: 12    Str: 18 (19) XL:     13   Next: 91%
MP:   16/28         EV: 19    Int: 13 (14) God:    Vehumet [****..]
Gold: 665           SH:  0    Dex: 22      Spells: 8/34 levels left

rFire   + . .        a - +7 quarterstaff {freeze, Drain rElec rN+}
rCold   . . .        (no shield)
rNeg    + . .        N - +3 leather armour
rPois   .            (helmet unavailable)
rElec   +            L - +1 cloak {Will+}
rCorr   .            (no gloves)
SInv    +            o - +2 pair of boots of Tenacity {Dex+4}
Will    +++..        h - amulet of regeneration
Stlth   ++++         k - +5 ring of evasion
HPRegen 1.12/turn    R - ring of willpower
MPRegen 0.21/turn

%: clarity
@: heavily drained
A: permanent stasis, dig shafts and tunnels, antennae 3, four strong arms, agile
1, clarity, fire resistance 1, strong 1
a: Dig, Shaft Self, Renounce Religion


You were on level 12 of the Dungeon.
You worshipped Vehumet.
Vehumet was greatly pleased with you.
You visited 3 branches of the dungeon, and saw 14 of its levels.
You also visited: Volcano.

You collected 883 gold pieces.
You spent 218 gold pieces at shops.

Inventory:

Hand Weapons
 a - the +7 quarterstaff "Vece" (weapon) {freeze, Drain rElec rN+}
   (You found it on level 2 of the Dungeon)

   rElec:     It insulates you from electricity.
   rN+:       It protects you from negative energy.
   Drain:     It drains your maximum health when unequipped.
 q - the +7 spear "Ofupn" {freeze, Str+3, !f =f}
   (You found it on level 2 of the Dungeon)

   Str+3:     It affects your strength (+3).
 V - a +4 dagger of venom {!f =f}
Missiles
 b - 2 throwing nets
 n - 7 boomerangs
 B - 6 curare-tipped darts
 G - 33 poisoned darts (quivered)
Armour
 o - the +2 pair of boots of Tenacity (worn) {Dex+4}
   (You acquired it on level 5 of the Dungeon)

   Dex+4:     It affects your dexterity (+4).
 v - a +0 ring mail of cold resistance
 I - a +0 kite shield
 L - a +1 cloak of willpower (worn)
 N - a +3 leather armour (worn)
 S - a +2 robe of resistance
Jewellery
 e - a ring of protection from cold
 h - an amulet of regeneration (around neck)
 k - a +5 ring of evasion (left hand)
 R - a ring of willpower (right hand)
Wands
 f - a wand of digging (9)
 y - a wand of polymorph (13)
 J - a wand of mindburst (9)
 Q - a wand of iceblast (3)
 X - a wand of acid (8)
Scrolls
 c - 2 scrolls of fog
 r - 2 scrolls of amnesia
 w - a scroll of silence
 z - 2 scrolls of poison
 M - a scroll of fear
 T - 3 scrolls of identify
Potions
 d - a potion of berserk rage {unknown}
 i - a potion of lignification {unknown}
 j - a potion of cancellation {unknown}
 l - 5 potions of brilliance
 p - 3 potions of curing
 x - a potion of invisibility {unknown}
 C - a potion of enlightenment {unknown}
 D - 2 potions of might
 E - a potion of resistance
 K - a potion of magic {unknown}
 P - a potion of haste {unknown}
 U - a potion of heal wounds {unknown}


   Skills:
 + Level 6.1 Fighting
 - Level 2.2(2.8) Maces & Flails
 - Level 2.5(3.0) Staves
 + Level 6.6 Armour
 - Level 4.5 Dodging
 - Level 7.0 Stealth
 - Level 5.5 Shields
 + Level 11.0 Spellcasting
 * Level 10.7 Conjurations
 + Level 2.1 Translocations
 - Level 4.9 Fire Magic
 - Level 8.2 Ice Magic
 - Level 6.0 Air Magic


You had 8 spell levels left.
You knew the following spells:

 Your Spells              Type           Power      Damage    Failure   Level
a - Iskenderun's Mystic   Conj/Tloc      23%        2d6       2%          4
l - Freezing Cloud        Conj/Ice/Air   14%        6-21      3%          5
m - Mephitic Cloud        Conj/Pois/Air  21%        N/A       1%          3
o - Orb of Destruction    Conj           17%        9d7       28%         7
s - Sticky Flame          Conj/Fire      27%        2d5       1%          4
I - Ignite Poison         Fire/Tmut/Pois 11%        N/A       5%          3

Your spell library contained the following spells:

 Spells                   Type           Power      Damage    Failure   Level
 Arcjolt                  Conj/Air       14%        1d24      3%          5
 Magic Dart               Conj           100%       1d8       1%          1
 Dazzling Flash           Conj/Hex       42%        N/A       1%          3
 Flame Wave               Conj/Fire      27%        2d9       1%          4
 Iskenderun's Battlesphe  Conj           35%        2d9       1%          5
 Volatile Blastmotes      Fire/Tloc      32%        2d12      2%          3
 Inner Flame              Hex/Fire       13%        N/A       3%          3
 Brom's Barrelling Bould  Conj/Erth      21%        2d4       3%          4
 Fulminant Prism          Conj/Hex       10%        3d8       3%          4
 Fireball                 Conj/Fire      13%        3d7       3%          5
 Cigotuvi's Dreadful Rot  Necr/Pois/Air  24%        N/A       8%          2
 Slow                     Hex            28%        N/A       12%         1
 Conjure Ball Lightning   Conj/Air       14%        3x3d6     16%         6
 Call Imp                 Summ           14%        N/A       17%         2
 Starburst                Conj/Fire      13%        6d6       17%         6
 Confusing Touch          Hex            7%         N/A       34%         3
 Sigil of Binding         Hex            7%         N/A       34%         3
 Tukima's Dance           Hex            7%         N/A       34%         3
 Vampiric Draining        Necr           7%         2d6       34%         3
 Passage of Golubria      Tloc           12%        N/A       43%         4
 Yara's Violent Unravell  Hex/Tmut       3%         3d4       58%         5
 Animate Dead             Necr           7%         N/A       75%         4
 Borgnjor's Vile Clutch   Necr/Erth      3%         N/A       97%         5
 Death Channel            Necr           3%         N/A       100%        6
 Maxwell's Capacitive Co  Air            11%        ∞         100%        8


Dungeon Overview and Level Annotations

Branches:
Dungeon (12/15)            Temple (1/1) D:4            Lair (1/5) D:11
    Orc (0/2) D:9         Volcano (visited)

Altars:
Ashenzari
Cheibriados
Dithmenos
Elyvilon
Fedhas
Gozag
Hepliaklqana
Kikubaaqudgha
Makhleb
Nemelex Xobeh
Okawaru
Qazlal
Ru
Sif Muna
Trog
Uskayaw
Vehumet
Wu Jian
Xom
Yredelemnul
Zin
The Shining One

Shops:
D:3 [   D:4 (*   D:5 **   D:6 (


Innate Abilities, Weirdness & Mutations

You cannot be hasted, slowed, berserked, paralysed or teleported.
You can dig through walls and to a lower floor.
You have a pair of large antennae on your head. (SInv)
Your four strong arms can wield two-handed weapons with a shield.
You are agile. (Dex +4, Str/Int -1)
You possess an exceptional clarity of mind.
Your flesh is heat resistant. (rF+)
Your muscles are strong. (Str +4, Int/Dex -1)


Message History

The centaur warrior shoots an arrow.
The arrow hits you!
Unknown command.
Okay, then.
Unknown command.
Okay, then.
Unknown command.
You feel better.
The centaur is engulfed in freezing vapours.
The centaur shoots an arrow.
The arrow misses you.
The centaur warrior is engulfed in freezing vapours.
The centaur is engulfed in freezing vapours.
The centaur shoots an arrow.
The arrow hits you!
The cyclops is engulfed in freezing vapours.
The cyclops throws a large rock.
The large rock hits you!
* * * LOW HITPOINT WARNING * * *
Unknown command.
Unknown command.
Unknown command.
Unknown command.
Unknown command.
Press: ? - help, v - describe, . - travel The floor, spattered with blood.
Unknown command.
Unknown command.
Okay, then.
Okay, then.
Okay, then.
Unknown command.
Okay, then.
Okay, then.
As you read the scroll of fog, it dissolves into smoke.
Vehumet accepts your kill.
You feel your power returning.
You feel a bit more experienced.
The centaur warrior is engulfed in freezing vapours.
The centaur warrior shoots an arrow.
The arrow hits you!
* * * LOW HITPOINT WARNING * * *
Vehumet accepts your kill.
You feel a bit more experienced.
You feel better.
The centaur warrior shoots an arrow.
The arrow hits you!!
You die...

####### ####§§.#.# #§#@###.##
##§§#§#### ###§c§§## #..§§§§##
.....#c.....####
###...###))......##
..........C......#####
....................#
.......c....##.....#
###............#c....## ..
...#.....................#
^..{.........................#
##.#########.#####....#......#
#...# #.....##.........###
.....# ##...#..#.......###
#...####...###{#.....)..#
#...#..(..)#..#........#
#..C...............##.#
#...#(.#......#.[.<....#


You could see a centaur warrior.

Vanquished Creatures
  A tengu reaver (D:12)
  A centaur warrior (D:12)
  3 boulder beetles
  3 two-headed ogres
  A tengu warrior (D:12)
  A hell knight (Volcano)
  Nergalle (D:12)
  A salamander mystic (Volcano)
  2 deep elf pyromancers
  5 cyclopes
  3 salamanders (Volcano)
  An ugly thing (D:11)
  Maurice (D:10)
  2 gargoyles (Volcano)
  5 molten gargoyles (Volcano)
  Joseph (D:6)
  A cane toad (Lair:1)
  2 komodo dragons
  An unseen horror (D:10)
  Psyche (D:9)
  4 trolls
  5 blink frogs (Lair:1)
  A slime creature (D:12)
  2 shadows
  3 vampires
  5 wraiths
  5 steam dragons
  2 wyverns (D:10)
  23 yaks
  A basilisk (D:12)
  Grum (D:9)
  Menkaure (D:7)
  A meliai simulacrum (D:10)
  Duvessa (D:7)
  7 water moccasins
  4 black bears
  8 orc warriors
  An ogre (D:7)
  4 centaurs
  2 sky beasts (D:6)
  7 wolves
  3 kobold brigands
  A phantom (D:7)
  9 bullfrogs
  Blork the orc (D:6)
  9 gnoll sergeants
  8 scorpions
  Dowan (D:7)
  4 wights (D:9)
  5 killer bees (D:9)
  4 howler monkeys
  3 hounds (D:6)
  A jelly (D:4)
  8 orc priests
  2 gnoll boudas
  Crazy Yiuf (D:7)
  4 iguanas
  18 orc wizards
  A sleepcap (D:4)
  6 adders
  33 gnolls
  3 white imps
  2 ufetubi (D:6)
  2 dart slugs
  69 orcs
  2 bats
  6 endoplasms
  8 giant cockroaches
  5 goblins
  7 hobgoblins
  6 jackals
  10 kobolds
  2 quokkas
  3 ball pythons
  7 frilled lizards
  5 rats
384 creatures vanquished.

Vanquished Creatures (others)
  A hound (D:6)
  2 ufetubi (D:6)
  An orc (D:6)
4 creatures vanquished.

Grand Total: 388 creatures vanquished

Notes
Turn   | Place    | Note
-------+----------+-------------------------------------------
     0 | D:5      | petzl the Formicid Delver began the quest for the Orb.
     0 | D:5      | Reached XP level 1. HP: 18/18 MP: 1/1
     7 | D:5      | Noticed an orc wizard
    35 | D:4      | Noticed a scorpion
   106 | D:3      | Reached XP level 2. HP: 24/24 MP: 2/2
   273 | D:3      | Found Faps's Armour Emporium.
   303 | D:2      | Identified the +7 spear "Ofupn" {freeze, Str+3}
   333 | D:2      | Reached skill level 1 in Spellcasting
   333 | D:2      | Reached XP level 3. HP: 29/29 MP: 2/5
   525 | D:1      | Reached skill level 2 in Spellcasting
   836 | D:1      | Found a faded altar of an unknown god.
  1124 | D:2      | Reached XP level 4. HP: 35/35 MP: 7/7
  1126 | D:2      | Identified the +7 quarterstaff "Vece" {freeze, Drain rElec
                  | rN+}
  1603 | D:3      | Noticed a scorpion
  1618 | D:3      | Killed a scorpion
  1619 | D:3      | Reached skill level 3 in Spellcasting
  1619 | D:3      | Reached XP level 5. HP: 41/41 MP: 7/10
  1761 | D:3      | Reached skill level 4 in Spellcasting
  2184 | D:4      | Reached skill level 5 in Spellcasting
  2184 | D:4      | Reached XP level 6. HP: 47/47 MP: 13/13
  2423 | D:4      | Reached skill level 6 in Spellcasting
  2426 | D:4      | Reached XP level 7. HP: 38/52 MP: 14/16
  2575 | D:4      | Found Owinus's Overcharged Wands.
  2655 | D:4      | Found a staircase to the Ecumenical Temple.
  2673 | D:4      | Learned a level 5 spell: Freezing Cloud
  2678 | D:4      | Learned a level 4 spell: Sticky Flame
  2682 | D:4      | Learned a level 3 spell: Ignite Poison
  2816 | D:4      | Noticed a water moccasin
  2829 | D:4      | Killed a water moccasin
  2830 | D:4      | Reached skill level 1 in Conjurations
  2830 | D:4      | Reached skill level 1 in Ice Magic
  2830 | D:4      | Reached skill level 1 in Air Magic
  2835 | Temple   | Entered the Ecumenical Temple
  2853 | D:4      | Found Isevun's Antique Weapon Boutique.
  3179 | D:5      | Reached XP level 8. HP: 54/58 MP: 16/18
  3195 | D:5      | Identified a scroll of acquirement
  3197 | D:5      | Acquired the +2 pair of boots of Tenacity {Dex+4}
  3247 | D:5      | Found Voifiwn's Serpentskin Sales.
  3254 | D:5      | Bought a scroll of poison for 56 gold pieces
  3254 | D:5      | Bought 5 curare-tipped darts for 84 gold pieces
  3302 | D:5      | Found Oxzuerud's Assorted Antiques.
  3665 | D:5      | Bought a fizzy green potion for 24 gold pieces
  3665 | D:5      | Bought a scroll of identify for 54 gold pieces
  3785 | D:6      | Reached skill level 7 in Spellcasting
  4172 | D:6      | Reached XP level 9. HP: 64/64 MP: 20/20
  4339 | D:6      | Found Cisec's Weapon Shoppe.
  4457 | D:6      | Noticed Blork the orc
  4472 | D:6      | Killed Blork the orc
  4716 | D:7      | Reached skill level 8 in Spellcasting
  5040 | D:6      | Reached skill level 1 in Staves
  5102 | D:7      | Noticed Joseph
  5113 | D:6      | You fall into a shaft and drop 1 floor!
  5217 | D:7      | Noticed Menkaure
  5380 | D:7      | Killed Menkaure
  5381 | D:7      | Reached skill level 5 in Ice Magic
  5425 | D:7      | Found a hazy altar of Hepliaklqana.
  5692 | D:7      | Noticed Duvessa
  5692 | D:7      | Noticed Dowan
  5989 | D:8      | Reached skill level 1 in Shields
  6003 | D:7      | Reached skill level 1 in Armour
  6003 | D:7      | Reached XP level 10. HP: 61/71 MP: 22/22
  6077 | D:7      | Reached skill level 5 in Conjurations
  6167 | D:8      | You fall into a shaft and drop 3 floors!
  6611 | D:11     | Noticed a boulder beetle
  6804 | D:11     | Noticed a deep elf pyromancer
  6809 | D:11     | Killed a deep elf pyromancer
  6810 | D:11     | Reached skill level 5 in Air Magic
  6887 | D:11     | Noticed a red ugly thing
  6992 | D:10     | Entered Level 10 of the Dungeon
  7418 | D:9      | Noticed Psyche
  7418 | D:9      | Noticed a two-headed ogre
  7435 | D:9      | Killed Psyche
  7436 | D:9      | Reached XP level 11. HP: 68/78 MP: 18/23
  7533 | D:8      | Found a radiant altar of Vehumet.
  7533 | D:8      | Found a shadowy altar of Dithmenos.
  7534 | D:8      | Found an ornate altar of the Wu Jian Council.
  7537 | D:8      | Became a worshipper of Vehumet
  7728 | D:8      | Learned a level 4 spell: Iskenderun's Mystic Blast
  7736 | D:8      | Learned a level 7 spell: Orb of Destruction
  7985 | D:8      | Found a stormy altar of Qazlal.
  8216 | D:7      | Killed Dowan
  8220 | D:7      | Killed Duvessa
  8221 | D:7      | Reached skill level 1 in Fire Magic
  8314 | D:7      | Found a runed translucent door.
  8315 | D:7      | Noticed Crazy Yiuf
  8320 | D:7      | Killed Crazy Yiuf
  8320 | D:7      | Reached * piety under Vehumet
  8320 | D:7      | Offered knowledge of Magic Dart by Vehumet.
  8512 | D:6      | Found Cisec's Weapon Shoppe.
  8580 | D:6      | Killed Joseph
  8883 | D:9      | Noticed Grum
  8886 | D:9      | Killed Grum
  9028 | D:9      | Reached skill level 5 in Fighting
  9061 | D:9      | Killed a two-headed ogre
  9207 | D:9      | Found a staircase to the Orcish Mines.
  9260 | D:9      | Reached ** piety under Vehumet
  9260 | D:9      | Offered knowledge of Searing Ray by Vehumet.
  9651 | D:9      | Identified the amulet of Weiz {Spirit Dex+5}
  9884 | D:10     | Noticed Maurice
  9890 | D:10     | Killed Maurice
  9961 | D:10     | Noticed a boulder beetle
  9987 | D:10     | Offered knowledge of Momentum Strike by Vehumet.
 10193 | D:10     | Noticed a two-headed ogre
 10197 | D:10     | Killed a two-headed ogre
 10198 | D:10     | Reached skill level 9 in Spellcasting
 10198 | D:10     | Reached XP level 12. HP: 80/86 MP: 20/25
 10461 | D:10     | Learned a level 3 spell: Mephitic Cloud
 10530 | D:10     | Reached *** piety under Vehumet
 10695 | D:10     | Killed a boulder beetle
 10696 | D:10     | Reached skill level 5 in Shields
 11379 | D:11     | Identified the amulet "Owuynir" {Spirit rPois rF- rN+}
 11458 | D:11     | Identified the +1 robe of Ethics {Dex+4}
 11481 | D:11     | Offered knowledge of Hailstorm by Vehumet.
 11530 | D:12     | Noticed a skeletal warrior
 11530 | D:12     | Noticed a skeletal warrior
 11530 | D:12     | Noticed a skeletal warrior
 11553 | D:11     | Killed a boulder beetle
 11741 | D:11     | Found a staircase to the Lair.
 11801 | Gauntlet | Identified the "Ruhackit"
 11801 | Lair:1   | Entered Level 1 of the Lair of Beasts
 11851 | Lair:1   | Found a dark tunnel.
 12061 | Lair:1   | Reached **** piety under Vehumet
 12070 | Lair:1   | Offered knowledge of Arcjolt by Vehumet.
 12107 | Lair:1   | Reached XP level 13. HP: 93/93 MP: 20/26
 12179 | Volcano  | Entered a volcano
 12194 | Volcano  | Reached skill level 10 in Spellcasting
 12461 | Volcano  | Reached skill level 5 in Armour
 12566 | Volcano  | Noticed an orb of fire
 12793 | Volcano  | Noticed an orb of fire
 12814 | Volcano  | Reached skill level 10 in Conjurations
 13090 | Lair:1   | Gained mutation: You are agile. (Dex +4, Str/Int -1)
                  | [potion of mutation]
 13090 | Lair:1   | Gained mutation: Your muscles are strong. (Str +4, Int/Dex
                  | -1) [potion of mutation]
 13090 | Lair:1   | Gained mutation: Your flesh is heat resistant. (rF+)
                  | [potion of mutation]
 13090 | Lair:1   | Gained mutation: You possess an exceptional clarity of
                  | mind. [potion of mutation]
 13306 | D:12     | Noticed Nergalle
 13311 | D:12     | Killed Nergalle
 13313 | D:12     | Noticed a tengu reaver
 13329 | D:12     | Killed a tengu reaver
 13330 | D:12     | Reached skill level 1 in Translocations
 13532 | D:12     | Noticed a centaur warrior
 13536 | D:12     | Killed a centaur warrior
 13781 | D:11     | You fall into a shaft and drop 1 floor!
 13815 | D:12     | Reached skill level 11 in Spellcasting
 13838 | D:12     | Noticed a centaur warrior
 13888 | D:12     | Shot with an arrow by a centaur warrior

Illustrated notes

Levels and vault maps discovered:
D:1:      spicycebolla_arrival_ecumenical, layout_basic, minmay_misc_feat_tiny
D:2:      layout_loops_ring, minmay_pentomino_r2
D:3:      cheibrodos_old_hovel, layout_loops_corners, serial_shops, shop_statue
D:4:      kennysheep_big_flooded_room, layout_loops_corners, temple_statues,
          serial_shops, shop, nicolae_shop_overcharged_wands
D:5:      layout_rooms, nicolae_ossuary_entry_ruins, serial_shops,
          nicolae_shop_just_a_little_nook, gup_sewer_entry_pipe,
          guppyfry_shop_venom
D:6:      layout_cave_pools, serial_gnoll_camp, gnoll_camp_huts_basic,
          gnoll_camp_mini_sergeant, gnoll_camp_medium_01, gnoll_camp_mini_hut,
          gnoll_camp_mini_shop, uniq_blork_the_orc
D:7:      layout_loops_cross, mainiacjoe_overflow_cross_hatched,
          chequers_serial_rivers_micro_b, uniq_duvessa, uniq_menkaure,
          uniq_crazy_yiuf_cottage, uniq_joseph
D:8:      layout_rooms, grunt_temple_overflow_open, marbit_many_paths
D:9:      layout_irregular_city, hiddenorc2_lemuel, uniq_psyche, uniq_grum
D:10:     minmay_clustersquares, layout_irregular_city, minmay_starry_boxes,
          uniq_maurice
D:11:     layout_grid_maze, due_lair_maze_entry_diamond
D:12:     minmay_the_grid_3x3 [minmay_the_grid_rooms,
          minmay_the_grid_aliased_spiral, minmay_the_grid_spin_star,
          minmay_the_grid_minigrid_small, minmay_the_grid_broken_lines,
          minmay_the_grid_eight, minmay_the_grid_outer_diamond,
          minmay_the_grid_small_cups, minmay_the_grid_prize_trominoes],
          layout_cave_pools, uniq_snorg, uniq_nergalle
Temple:   minmay_crystal_spiral_temple
Lair:1:   layout_layer_cave, nicolae_volcano_entry_lava_flow,
          grunt_megastairs_1, lemuel_fruit_fields, uniq_gastronok

Skill      XL: |  1  2  3  4  5  6  7  8  9 10 11 12 13 |
---------------+----------------------------------------+-----
Dodging        | 2 3 4 |  4.5
Spellcasting   | 1 2 3 5 6 7 8 9 11 | 11.0
Conjurations   | 2 3 4 5 6 8 10 | 10.7
Ice Magic      | 2 3 5 6 7 8 |  8.2
Air Magic      | 1 3 4 5 6 |  6.0
Staves         | 1 2 |  2.5
Shields        | 1 3 4 5 |  5.5
Armour         | 1 2 4 6 |  6.6
Fighting       | 4 5 6 |  6.1
Stealth        | 7 |  7.0
Fire Magic     | 3 4 |  4.9
Translocations | 2 |  2.1
Maces & Flails | |  2.2

Action                     |  1- 3 |  4- 6 |  7- 9 | 10-12 | 13-15 || total
---------------------------+-------+-------+-------+-------+-------++-------
  Melee: Mace              |    21 |       |       |       |       ||    21
         Spear             |    31 |       |       |       |       ||    31
         Quarterstaff      |       |    55 |   280 |   303 |    29 ||   667
         Punch             |       |       |     8 |     6 |     1 ||    15
  Throw: Stone             |       |     9 |    23 |    29 |       ||    61
         Dart              |       |       |       |    30 |    14 ||    44
   Cast: Freezing Cloud    |       |       |       |    74 |    49 ||   123
         Ignite Poison     |       |       |       |     4 |     5 ||     9
         Sticky Flame      |       |       |       |     3 |     2 ||     5
         Iskenderun's Myst |       |       |       |     1 |     2 ||     3
         Mephitic Cloud    |       |       |       |       |     2 ||     2
         Orb of Destructio |       |       |       |       |     1 ||     1
Ability: Dig               |       |       |     1 |     2 |     2 ||     5
         Shaft Self        |       |       |     1 |     1 |     1 ||     3
  Evoke: Wand              |       |       |       |       |     1 ||     1
    Use: Scroll            |     1 |       |    12 |     3 |     1 ||    17
         Potion            |       |       |       |     3 |     6 ||     9
   Stab: Sleeping          |    12 |     4 |     6 |     3 |       ||    25
         Distracted        |       |       |       |     3 |       ||     3
 Armour: Leather armour    |    13 |       |    42 |   187 |    33 ||   275
         Ring mail         |       |    23 |   141 |       |       ||   164
         Robe              |       |       |       |       |     4 ||     4
  Dodge: Dodged            |    26 |    32 |   308 |   331 |    32 ||   729

Table legend: (Time is in decaauts)
 A = Elapsed time spent in this place.
 B = Non-inter-level travel time spent in this place.
 C = Inter-level travel time spent in this place.
 D = Time resting spent in this place.
 E = Time spent auto-exploring this place.
 F = Levels seen in this place.
 G = Mean time per level.
                   A        B        C        D        E       F      G
               +--------+--------+--------+--------+--------+-----+--------+
         Total |  14084 |  13371 |    713 |   2445 |   5321 |  15 |  938.9 |
       Dungeon |  12723 |  12045 |    678 |   1918 |   5316 |  12 | 1060.2 |
        Temple |      1 |      1 |      0 |      0 |      0 |   1 |    1.0 |
          Lair |    426 |    391 |     35 |     56 |      0 |   1 |  426.0 |
       Volcano |    932 |    932 |      0 |    471 |      5 |   1 |  932.0 |
               +--------+--------+--------+--------+--------+-----+--------+

Top non-repeatable levels by time:
    D:11: 1793 daAuts
     D:9: 1597 daAuts
     D:6: 1592 daAuts
    D:10: 1587 daAuts
     D:7: 1270 daAuts
     D:4: 1105 daAuts
 Volcano: 932 daAuts
     D:3: 811 daAuts
     D:8: 749 daAuts
     D:2: 699 daAuts
     D:5: 653 daAuts
     D:1: 570 daAuts
  Lair:1: 426 daAuts
    D:12: 292 daAuts
  Temple: 1 daAuts
